[Event "Early-Titled-Tuesday-Blitz-July-09-2024"]
[Site "Chess.com"]
[Date "2024.07.09"]
[Round "4"]
[White "NM_Antelacus"]
[Black "GiorgianBarbosa"]
[Result "0-1"]
[WhiteElo "2285"]
[BlackElo "2503"]
[TimeControl "180+1"]
[EndTime "8:39:13 PDT"]
[Termination "GiorgianBarbosa won by resignation"]

1. e4 c5 2. Nf3 d6 3. d4 cxd4 4. Nxd4 Nf6 5. Nc3 a6 6. f3 e5 7. Nb3 Be6 8. Be3 h5 9. Qd2 Be7 10. Nd5 Nxd5 11. exd5 Bf5 12. c4 Nd7 13. Na5 Qc7 14. b4 Bf6 15. Rc1 e4 16. f4 O-O 17.
Be2 h4 18. O-O Rac8 19. Rfd1 Rfe8 20. a4 b6 21. Nc6 Nb8 22. b5 a5 23. Bf1 Nd7 24.
Qf2 Nc5 25. Bxc5 bxc5 26. Kh1 e3 27. Qf3 Qd7 28. Be2 h3 29. g4 Be4 30. g5 Bxf3+ 31. Bxf3 Bb2 32. Rc2 Ba3 33. Nxa5 Qf5 34. Re2 Qxf4 35.
Rf1 Bb4 36. Nc6 Qxc4 37. g6 fxg6 38. Rg1 Rf8 39. Ne7+ Kh7 40. Rg3 Rxf3 41. Rxf3 Qc1+ 0-1

[Event "Early-Titled-Tuesday-Blitz-July-09-2024"]
[Site "Chess.com"]
[Date "2024.07.09"]
[Round "4"]
[White "Szachulec75"]
[Black "LeoLV10"]
[Result "0-1"]
[WhiteElo "2246"]
[BlackElo "2536"]
[TimeControl "180+1"]
[EndTime "8:39:13 PDT"]
[Termination "LeoLV10 won on time"]

1. Nf3 c5 2. g3 g6 3. Bg2 Bg7 4.
d3 Nc6 5. O-O e6 6. e4 Nge7 7.
Nc3 d6 8. Bg5 O-O 9. Qd2 Qd7 10.
Bh6 b6 11. Bxg7 Kxg7 12. Nh4 Bb7 13. Nd1 d5 14. Qe1 Rae8 15. c3 f5 16. f4 Ng8 17.
Nf3 Nf6 18. e5 Ng4 19. h3 Nh6 20. a4 a5 21. Nf2 Ba6 22. Qd1 Rd8 23. Qb3 Qc7 24.
Nd2 Rfe8 25. Rfd1 Nf7 26. Kh2 Rb8 27. Qc2 Red8 28. h4 h5 29. Nh3 b5 30. axb5 Rxb5 31.
Ra2 Rdb8 32. Rda1 Qb6 33. b3 Qc7 34. Ra4 R5b7 35. R4a3 Bb5 36. Nf3 Nh6 37. Nhg5 Qd7 38. Bh3 Rc7 39. Ne1 Ba6 40. Nef3 Bc8 41. Nd2 Rcb7 42.
Ra4 Qc7 43. Kg2 Bd7 44. R4a3 d4 45. c4 Nb4 46. Qb1 a4 47. Rxa4 Nf7 48. R4a3 Nxg5 49. hxg5 Bc6+ 50. Kh2 Rh8 51. Ra8 Rbb8 0-1

[Event "Early-Titled-Tuesday-Blitz-July-09-2024"]
[Site "Chess.com"]
[Date "2024.07.09"]
[Round "4"]
[White "MANOJ_MISHRA123"]
[Black "Lady_Nika"]
[Result "0-1"]
[WhiteElo "2244"]
[BlackElo "2518"]
[TimeControl "180+1"]
[EndTime "8:39:13 PDT"]
[Termination "Lady_Nika won on time"]

1. d4 d5 2. Bf4 e6 3. Nc3 Bd6 4. Bg3 f5 5. Nf3 c6 6. Ne5 Nf6 7. e3 O-O 8. Bh4 Qb6 9. a3 Bxe5 10. dxe5 Qxb2 11. Na4 Qxe5 12. Bg3 Qe4 13. Nc5 Qg4 14. Be2 Qg6 15. h4 h5 16. Nd3 Ng4 17. Nf4 Qf7 18. Bxg4 hxg4 19. h5 Nd7 20. h6 g5 21. h7+ Kh8 22.
Nh5 e5 23. Bxe5+ Nxe5 24. Qd4 Re8 25. f4 gxf3 26. gxf3 c5 27. Qb2 d4 28. Kf2 Qd5 29. e4 fxe4 30. Nf6 Qf7 31. Nxe8 Qxf3+ 32. Ke1 Qxh1+ 33.
Kd2 Nc4+ 34. Ke2 Qf3+ 35. Ke1 Nxb2 0-1

[Event "Early-Titled-Tuesday-Blitz-July-09-2024"]
[Site "Chess.com"]
[Date "2024.07.09"]
[Round "4"]
[White "Nemegejas"]
[Black "manitodeplomo"]
[Result "1-0"]
[WhiteElo "2939"]
[BlackElo "2601"]
[TimeControl "180+1"]
[EndTime "8:39:14 PDT"]
[Termination "Nemegejas won by checkmate"]

1. d4 d5 2. c4 c6 3. Nf3 dxc4 4. e3 b5 5. a4 e6 6. axb5 cxb5 7.
Nc3 Qb6 8. b3 Bb4 9. Qc2 cxb3 10. Qxb3 a5 11. Bd2 Bd7 12. Ne5 Nf6 13. Nxd7 Nbxd7 14. Bxb5 O-O 15. Bd3 e5 16. O-O exd4 17. exd4 Qxd4 18.
Nb5 Qh4 19. Bxb4 axb4 20. Rac1 Ne5 21. h3 Rfb8 22. Rfe1 Nxd3 23. Qxd3 Qh5 24. Nc7 Ra3 25. Qd6 Rf8 26. Rcd1 Qa5 27. Qxf8+ Kxf8 28. Rd8+ Ne8 29. Rdxe8# 1-0

[Event "Early-Titled-Tuesday-Blitz-July-09-2024"]
[Site "Chess.com"]
[Date "2024.07.09"]
[Round "4"]
[White "rhungaski"]
[Black "rionelG"]
[Result "0-1"]
[WhiteElo "2641"]
[BlackElo "2426"]
[TimeControl "180+1"]
[EndTime "8:39:14 PDT"]
[Termination "rionelG won by resignation"]

1. Nf3 Nf6 2. g3 g6 3. Bg2 Bg7 4. O-O O-O 5. d3 d6 6. e4 c5 7. c3 d5 8. Nbd2 Nc6 9. Re1 e5 10. Qe2 Re8 11. h3 h6 12. Nh2 Be6 13. b3 Qc7 14.
Bb2 Rad8 15. Rac1 Qd7 16. exd5 Nxd5 17. Ne4 b6 18. h4 f5 19. Nd2 Nf6 20. Nc4 Bxc4 21.
bxc4 e4 22. dxe4 Qd2 23. Rc2 Qxe2 24. Rcxe2 Nxe4 25. h5 gxh5 26. Bh3 Rf8 27. Nf3 Nxc3 28. Re6 Nd4 29. Rg6 Nxf3+ 0-1

[Event "Early-Titled-Tuesday-Blitz-July-09-2024"]
[Site "Chess.com"]
[Date "2024.07.09"]
[Round "4"]
[White "EdenDzung06"]
[Black "karinachess1"]
[Result "0-1"]
[WhiteElo "2464"]
[BlackElo "2691"]
[TimeControl "180+1"]
[EndTime "8:39:15 PDT"]
[Termination "karinachess1 won by checkmate"]

1. d4 Nf6 2. c4 e6 3. Nf3 d5 4.
g3 dxc4 5. Bg2 Nc6 6. O-O Rb8 7. a4 a6 8. b3 cxb3 9. Qxb3 Nxd4 10. Nxd4 Qxd4 11.
Bb2 Qb6 12. Qc2 Bc5 13. a5 Qd6 14. Rd1 Qe7 15. Nc3 O-O 16. Rac1 b6 17. Ne4 Nxe4 18. Bxe4 f5 19. Bf3 Bb7 20. Bxb7 Rxb7 21. Rd2 Rbb8 22. Rcd1 Rbd8 23. Qc3 Rxd2 24. Rxd2 Bb4 25. Qd3 Bxd2 26. Qxd2 Qd6 27. Qc3 Rf7 28. axb6 Qxb6 29. h4 h6 30. Kg2 a5 31. Ba3 a4 32. h5 Qb3 33. Qc5 Qd5+ 34. Qxd5 exd5 35. Kf3 Rf6 36. Ke3 Rb6 37. Kd4 Rb3 38.
Bc5 a3 39. Bxa3 Rxa3 40. e4 dxe4 41. Ke5 Rf3 42. Ke6 Rxf2 43. Ke5 e3 44. g4 fxg4 45. Kd4 e2 46. Kd3 e1=Q 47. Kc4 Qe4+ 48. Kb3 Rf3+ 49. Kb2 Qe2+ 50. Kc1 Rf1# 0-1

[Event "Early-Titled-Tuesday-Blitz-July-09-2024"]
[Site "Chess.com"]
[Date "2024.07.09"]
[Round "4"]
[White "talaicito"]
[Black "cmunda"]
[Result "0-1"]
[WhiteElo "2337"]
[BlackElo "2099"]
[TimeControl "180+1"]
[EndTime "8:39:15 PDT"]
[Termination "cmunda won on time"]

1. d4 e6 2. e4 b5 3. Bxb5 Bb7 4. Bd3 g6 5. Nf3 Bg7 6. O-O Ne7 7. c3 d6 8. Re1 O-O 9. Bg5 h6 10. Be3 Nd7 11. Nbd2 a5 12. Nc4 a4 13. b3 Nb6 14.
Nxb6 cxb6 15. bxa4 Bc6 16. Nd2 Rxa4 17. Qc1 Kh7 18. Re2 b5 19. Qb2 Qa5 20. Bc2 Ra3 21.
Nb3 Qa6 22. Bd3 Ra8 23. h4 h5 24. e5 dxe5 25. dxe5 Bd5 26. Nc5 Qa5 27. Qxb5 Qxc3 28.
Rc1 Qa5 29. Qxa5 R3xa5 30. a4 Nc6 31. Bb5 Nxe5 32. Bd4 Ng4 33. Bxg7 Kxg7 34. Nd7 Nf6 35. Nxf6 Kxf6 36. Rc7 Bb3 0-1

[Event "Early-Titled-Tuesday-Blitz-July-09-2024"]
[Site "Chess.com"]
[Date "2024.07.09"]
[Round "4"]
[White "yaguigor"]
[Black "Shankland"]
[Result "0-1"]
[WhiteElo "2597"]
[BlackElo "2879"]
[TimeControl "180+1"]
[EndTime "8:39:16 PDT"]
[Termination "Shankland won on time"]

1. e4 c6 2. d4 d5 3. e5 Bf5 4. h4 h6 5. Bd3 Bxd3 6. cxd3 e6 7.
Nc3 Ne7 8. h5 Nf5 9. Nf3 c5 10.
dxc5 Bxc5 11. d4 Bb6 12. g4 Ne7 13. Nb5 O-O 14. Nd6 Nbc6 15. g5 hxg5 16. Bxg5 f6 17. exf6 Qxd6 18. fxe7 Nxe7 19. h6 g6 20. Bxe7 Qxe7 21.
Qe2 Qf6 22. Rh3 Kh7 23. Kf1 Bxd4 24. Nxd4 Qxd4 25. Rd1 Rxf2+ 26. Qxf2 Qxd1+ 27. Kg2 Qg4+ 28. Rg3 Qe4+ 29. Kh2 Qf5 30. Rf3 Qe5+ 31. Kg2 Rc8 32. Rf7+ Kg8 33. h7+ Kh8 34. Kh3 Qh5+ 35. Kg2 Qg4+ 36.
Kh2 Qh5+ 37. Kg2 Qg5+ 38. Kh2 Qe5+ 39. Kh3 d4 40. Rxb7 Qf5+ 41. Kg3 e5 0-1

[Event "Early-Titled-Tuesday-Blitz-July-09-2024"]
[Site "Chess.com"]
[Date "2024.07.09"]
[Round "4"]
[White "Cherepov_Alexej"]
[Black "coalescenet"]
[Result "0-1"]
[WhiteElo "2434"]
[BlackElo "2346"]
[TimeControl "180+1"]
[EndTime "8:39:16 PDT"]
[Termination "coalescenet won on time"]

1. d4 d5 2. c4 dxc4 3. e4 Nf6 4. e5 Nd5 5. Bxc4 Nb6 6. Bd3 Nc6 7. Ne2 Bg4 8. f3 Bh5 9. Nbc3 e6 10. Be3 Bg6 11. Rc1 a6 12. O-O Be7 13. f4 Qd7 14. Ne4 O-O 15. a3 Rfd8 16. Kh1 Na5 17. g4 Nac4 18. Bg1 Nxb2 19. Qb3 Qd5 20.
Qxd5 exd5 21. f5 Nxd3 22. Rxc7 Rd7 23. Rxd7 Nxd7 24. N4g3 Bxa3 25. fxg6 hxg6 26. Rf3 N3xe5 27. dxe5 Bb2 28. Rd3 d4 29. Nxd4 Nc5 30. Rd2 Bc3 31. Rc2 Bb4 32. Nde2 Ne6 0-1

[Event "Early-Titled-Tuesday-Blitz-July-09-2024"]
[Site "Chess.com"]
[Date "2024.07.09"]
[Round "4"]
[White "deribas12345"]
[Black "InitiatingASC"]
[Result "1/2-1/2"]
[WhiteElo "2629"]
[BlackElo "2432"]
[TimeControl "180+1"]
[EndTime "8:39:18 PDT"]
[Termination "Game drawn by repetition"]

1. d4 d5 2. c4 e6 3. Nc3 a6 4. Nf3 Nf6 5. cxd5 exd5 6. Bg5 Be7 7. e3 Nbd7 8. Bd3 Nf8 9. O-O Ne6 10. Bh4 O-O 11. Qc2 g6 12. Rad1 Ng7 13. Ne5 Bf5 14.
f4 Bxd3 15. Qxd3 Nf5 16. Bf2 Nd6 17. Bh4 c6 18. Bxf6 Bxf6 19. Rf3 Bg7 20. Rdf1 Qe7 21. Rh3 Rae8 22. Kh1 Bxe5 23. fxe5 Nc4 24. b3 Nb6 25. Ne2 f5 26. Nf4 Na8 27. Rg3 Nc7 28. Nxg6 hxg6 29. Rxg6+ Kh7 30. Rxf5 Kxg6 31. Rxf8+ Kg7 32. Rf6 Ne6 33.
Qg6+ Kh8 34. Qh5+ Kg8 35. Rh6 Nf8 36. Rh8+ Kg7 37. Qh6+ Kf7 38. Qh5+ Kg7 39. Qh6+ Kf7 40. Qh5+ Kg7 1/2-1/2

[Event "Early-Titled-Tuesday-Blitz-July-09-2024"]
[Site "Chess.com"]
[Date "2024.07.09"]
[Round "4"]
[White "Navyblue1"]
[Black "GAO"]
[Result "0-1"]
[WhiteElo "2128"]
[BlackElo "2454"]
[TimeControl "180+1"]
[EndTime "8:39:18 PDT"]
[Termination "GAO won on time"]

1. d4 Nf6 2. c4 e6 3. Nf3 d5 4. Nc3 Bb4 5. Bg5 h6 6. Bxf6 Qxf6 7. e3 O-O 8. Rc1 b6 9. a3 Bxc3+ 10. Rxc3 Bb7 11.
Be2 dxc4 12. Rxc4 Rc8 13. O-O Nd7 14. Qc2 c5 15. dxc5 Nxc5 16. Rc1 Rd8 17. b4 Nd7 18.
Rc7 Bd5 19. e4 Bxe4 20. Qxe4 Nf8 21. h3 Ng6 22. Bd3 Nf8 23. Ne5 g6 24. Ng4 Qg7 25. Qe2 Rd5 26. Be4 Rad8 27. Bxd5 exd5 28. Qd3 d4 29. Rc8 Rxc8 30. Rxc8 Kh7 31. Rd8 Ne6 32.
Rd6 h5 33. Rd5 hxg4 34. hxg4 Qf6 35. g5 Qf4 36. g3 Qc1+ 37. Kg2 Qc6 38. Qe4 a5 0-1

[Event "Early-Titled-Tuesday-Blitz-July-09-2024"]
[Site "Chess.com"]
[Date "2024.07.09"]
[Round "4"]
[White "tgpgoat"]
[Black "Tol_Tol"]
[Result "0-1"]
[WhiteElo "2515"]
[BlackElo "2367"]
[TimeControl "180+1"]
[EndTime "8:39:19 PDT"]
[Termination "Tol_Tol won by resignation"]

1. Nf3 Nf6 2. d4 g6 3. Bg5 Bg7 4. Nbd2 d5 5. Bxf6 exf6 6. e4 dxe4 7. Nxe4 O-O 8. Be2 Re8 9. Ng3 f5 10. O-O f4 11. Nh1 b6 12. c3 Bb7 13. Nd2 Nd7 14. Bf3 Qc8 15. Re1 Rxe1+ 16. Qxe1 c5 17. d5 Ne5 18. c4 Qd7 19. Rb1 Re8 20. Qd1 g5 21. h3 f5 22. b3 g4 23. hxg4 fxg4 24. Be4 Qd6 25. Qc2 Qh6 26. Nf1 f3 27. Nh2 fxg2 28.
Kxg2 Qh3+ 29. Kg1 Nf3+ 30. Nxf3 gxf3 31. Bxf3 Qxf3 32. Ng3 Bd4 33. Kh2 Re6 34. Qd2 Rg6 35.
Re1 Bxf2 36. Re8+ Kf7 37. Qd3 0-1

[Event "Early-Titled-Tuesday-Blitz-July-09-2024"]
[Site "Chess.com"]
[Date "2024.07.09"]
[Round "4"]
[White "kuchma777"]
[Black "Aragon"]
[Result "1-0"]
[WhiteElo "2470"]
[BlackElo "2177"]
[TimeControl "180+1"]
[EndTime "8:39:20 PDT"]
[Termination "kuchma777 won by resignation"]

1. e4 c5 2. Nf3 Nc6 3. Bb5 g6 4.
O-O Bg7 5. Re1 e5 6. a4 Nge7 7.
d3 O-O 8. Nbd2 a6 9. Bc4 d6 10. Nf1 Be6 11. Ne3 h6 12. c3 Qd7 13.
a5 f5 14. Qb3 Bxc4 15. Nxc4 Qe6 16. Qxb7 fxe4 17. Rxe4 d5 18. Re1 dxc4 19. dxc4 Ra7 20.
Qb6 Qxc4 21. Be3 Qb5 22. Bxc5 Qxb6 23. axb6 Raa8 24. Rad1 a5 25. Rd7 Rf7 26. b7 Rb8 27. Bd6 Re8 28. Rc7 Nb8 29. Rd1 Nec6 30. Nd2 Rxc7 31. Bxc7 Kf7 32. Nc4 Re7 33. Bxb8 Nxb8 34. Rd8 Rxb7 35. Nd6+ Ke7 36. Nxb7 Nc6 37. Ra8 1-0

[Event "Early-Titled-Tuesday-Blitz-July-09-2024"]
[Site "Chess.com"]
[Date "2024.07.09"]
[Round "4"]
[White "klimkoj"]
[Black "GHANDEEVAM2003"]
[Result "0-1"]
[WhiteElo "2881"]
[BlackElo "3186"]
[TimeControl "180+1"]
[EndTime "8:39:25 PDT"]
[Termination "GHANDEEVAM2003 won by resignation"]

1. e4 c6 2. Nf3 d5 3. Nc3 Bg4 4. h3 Bxf3 5. Qxf3 e6 6. Be2 Nf6 7. O-O d4 8. Nb1 Nbd7 9. d3 Bd6 10. Nd2 b5 11. a4 a5 12. Nb3 e5 13. Qg3 Qc7 14. Qxg7 Rg8 15. Qh6 Rg6 16. Qh4 Be7 17.
f3 O-O-O 18. Kh1 Rdg8 19. Rg1 h5 20. axb5 cxb5 21. Qf2 a4 22. Nd2 Qxc2 23. f4 Ng4 24.
hxg4 hxg4 25. g3 exf4 26. Qxf4 Bg5 27. Qf5 Bxd2 28. Qxb5 Be3 29. Bxe3 Rh8+ 30. Kg2 Qxe2+ 31. Bf2 Rh2+ 32. Kxh2 Qxf2+ 33. Kh1 Rh6+ 0-1

[Event "Early-Titled-Tuesday-Blitz-July-09-2024"]
[Site "Chess.com"]
[Date "2024.07.09"]
[Round "4"]
[White "malakismayil"]
[Black "norwaytoadog"]
[Result "1-0"]
[WhiteElo "2529"]
[BlackElo "2342"]
[TimeControl "180+1"]
[EndTime "8:39:25 PDT"]
[Termination "malakismayil won on time"]

1. e4 e5 2. Nf3 Nc6 3. Bc4 Nf6 4. O-O Be7 5. d3 d6 6. h3 O-O 7. Nc3 Na5 8. Bg5 c6 9. Bb3 Nxb3 10. axb3 h6 11. Be3 b6 12. d4 Qc7 13. Qd2 Kh7 14. Rad1 Be6 15. Qd3 a6 16. d5 Bd7 17.
dxc6 Bxc6 18. Nd2 b5 19. f4 Rac8 20. b4 Kh8 21. Rf2 Qb7 22. Rdf1 a5 23. bxa5 b4 24. Nd5 Nxd5 25. exd5 Bb5 26. Qf5 Bxf1 27. Nxf1 g6 28. Qg4 Qxd5 29. f5 Rc4 30. Qe2 Rfc8 31. fxg6 fxg6 32.
Nd2 Rxc2 33. Qg4 Rc1+ 34. Kh2 Qd3 35. Bxh6 Rg8 36. Ne4 Rc4 37. Qe6 Rxe4 38. Qxe7 Qe3 39. Bxe3 Rxe3 40. Rf7 1-0

[Event "Early-Titled-Tuesday-Blitz-July-09-2024"]
[Site "Chess.com"]
[Date "2024.07.09"]
[Round "4"]
[White "MKlose11"]
[Black "JavierRuizVazquez"]
[Result "1-0"]
[WhiteElo "2669"]
[BlackElo "2399"]
[TimeControl "180+1"]
[EndTime "8:39:26 PDT"]
[Termination "MKlose11 won by resignation"]

1. e4 c6 2. Nc3 d5 3. g3 dxe4 4. Nxe4 Nf6 5. Bg2 Bf5 6. d3 e6 7.
Ne2 Bxe4 8. dxe4 Qxd1+ 9. Kxd1 Bc5 10. f3 Nbd7 11. c3 O-O-O 12. Kc2 h6 13. h3 Ne5 14. f4 Nc4 15. b3 Ne3+ 16. Bxe3 Bxe3 17. Rad1 Rxd1 18.
Rxd1 Rd8 19. Rd3 Bb6 20. c4 Rxd3 21. Kxd3 a5 22. e5 Nd7 23. Nc3 f6 24. exf6 Nxf6 25.
g4 Bc7 26. Ke3 Bb6+ 27. Kf3 Kd7 28. Bf1 Bd4 29. Ne2 Ba7 30. g5 Ng8 31. h4 Bb8 32.
Ng3 Ke7 33. Bh3 Kf7 34. Ne4 g6 35. Nc5 e5 36. fxe5 Bxe5 37. Be6+ Kg7 38. Bxg8 Kxg8 39. Nxb7 Bc3 40. Nd8 Kg7 41. gxh6+ Kxh6 42. Kg4 Bf6 43. Nxc6 Bc3 44. a3 Kg7 45. b4 axb4 46. axb4 Kf6 47. b5 Bd2 48. b6 1-0

[Event "Early-Titled-Tuesday-Blitz-July-09-2024"]
[Site "Chess.com"]
[Date "2024.07.09"]
[Round "4"]
[White "FMalexhdez"]
[Black "maracayo"]
[Result "0-1"]
[WhiteElo "2273"]
[BlackElo "2415"]
[TimeControl "180+1"]
[EndTime "8:39:26 PDT"]
[Termination "maracayo won on time"]

1. e4 d6 2. d4 Nf6 3. Nc3 c6 4. a4 Qa5 5. Nf3 Nxe4 6. Bd3 Nf6 7. O-O e6 8. Re1 Be7 9. Bd2 Qc7 10. Ne4 Nbd7 11. Neg5 h6 12. Nxe6 fxe6 13. Bg6+ Kd8 14. c4 Nf8 15. Bd3 Bd7 16. Rc1 a5 17. d5 c5 18. dxe6 Bxe6 19. Bf4 Bg4 20. h3 Bh5 21. g4 Bf7 22. Bf5 N8d7 23. Rc2 Re8 24. Rce2 Bf8 25. g5 Nh5 26. Bh2 Rxe2 27. Qxe2 hxg5 28. Nxg5 Ndf6 29. Nxf7+ Qxf7 30. Be6 Qe7 31. Rd1 Ra6 0-1

[Event "Early-Titled-Tuesday-Blitz-July-09-2024"]
[Site "Chess.com"]
[Date "2024.07.09"]
[Round "4"]
[White "KhBegmuratov"]
[Black "Zorbos"]
[Result "1-0"]
[WhiteElo "2903"]
[BlackElo "2681"]
[TimeControl "180+1"]
[EndTime "8:39:27 PDT"]
[Termination "KhBegmuratov won by resignation"]

1. e4 e5 2. Nf3 Nc6 3. Nc3 Nf6 4. a3 d5 5. Bb5 Nxe4 6. Nxe5 Qd6 7. d4 Nxc3 8. bxc3 a6 9. Bxc6+ bxc6 10. O-O Be7 11. a4 Qf6 12. Re1 O-O 13. Ba3 Bd6 14. Bxd6 Qxd6 15. Qf3 Rb8 16. Nd3 a5 17. Nc5 h6 18.
h3 Rb2 19. Re2 Rb6 20. Rae1 Rb8 21. Re8 Bd7 22. R8e3 Rbe8 23. Qg3 Qxg3 24. fxg3 Rxe3 25. Rxe3 Bf5 26. g4 Bxc2 27. Re7 Rc8 28. Re2 Be4 29.
Rb2 Kf8 30. Rb7 Ke7 31. Ra7 Kd6 32. Nb7+ Kd7 33. Rxa5 f5 34. Nc5+ Kd6 35. gxf5 Bxf5 36. Ra7 Re8 37. a5 Re3 38. a6 Rxc3 39. Ra8 Ra3 40.
Rf8 Be6 41. g4 h5 42. Re8 Bf7 43. Rd8+ Ke7 44. Rd7+ Kf6 45. g5+ Kg6 46. Rxc7 Bg8 47. h4 1-0

[Event "Early-Titled-Tuesday-Blitz-July-09-2024"]
[Site "Chess.com"]
[Date "2024.07.09"]
[Round "4"]
[White "JoJoZP"]
[Black "nitpicker"]
[Result "1-0"]
[WhiteElo "2506"]
[BlackElo "2303"]
[TimeControl "180+1"]
[EndTime "8:39:27 PDT"]
[Termination "JoJoZP won by resignation"]

1. e4 c5 2. Nf3 Nc6 3. d3 g6 4. g3 Bg7 5. Bg2 e5 6. O-O Nge7 7. Nc3 d6 8. Bg5 h6 9. Be3 O-O 10. Nd2 Be6 11. f4 f5 12. Nf3 Nd4 13. Kh1 Rb8 14. a4 b6 15. Qd2 Kh7 16. Rae1 Qd7 17. b3 Rbd8 18. fxe5 dxe5 19. exf5 gxf5 20.
Nh4 Ng6 21. Nxg6 Kxg6 22. Ne2 Kh7 23. Ng1 Nc6 24. Qf2 Nb4 25. Nf3 Bd5 26. Nh4 Be6 27. Bc1 Nd5 28. Bb2 Qc7 29. Bh3 Ne7 30. Re2 Bd5+ 31. Bg2 Bxg2+ 32. Qxg2 Qc6 33. Qxc6 Nxc6 34. Rxf5 Rxf5 35. Nxf5 Nd4 36. Bxd4 exd4 37. Re7 Kg6 38. Nxg7 Rf8 39. Kg2 Rf6 40. Rxa7 h5 41. h3 Rc6 42. g4 Rd6 43. Kg3 1-0

[Event "Early-Titled-Tuesday-Blitz-July-09-2024"]
[Site "Chess.com"]
[Date "2024.07.09"]
[Round "4"]
[White "Javokhir_Sindarov05"]
[Black "temus_galaktionov"]
[Result "1-0"]
[WhiteElo "3092"]
[BlackElo "2857"]
[TimeControl "180+1"]
[EndTime "8:39:28 PDT"]
[Termination "Javokhir_Sindarov05 won by resignation"]

1. e4 c6 2. Nf3 g6 3. d4 Bg7 4. Nc3 d6 5. a4 Nd7 6. Bc4 e5 7. dxe5 dxe5 8. Ng5 Nh6 9. h4 Qe7 10. Be3 Nb6 11. Bb3 f6 12. a5 Ng4 13. axb6 Nxe3 14. fxe3 fxg5 15. Rxa7 Rb8 16. h5 Qc5 17. O-O Rf8 18.
Rxf8+ Bxf8 19. Qf3 Qe7 20. hxg6 hxg6 21. Ra5 g4 22. Qf1 Bh6 23. Qf2 Bd7 24. Na4 Rd8 25. Qg3 Bg7 26. Nc5 Bc8 27. Nd3 Qg5 28. Qf2 Qf6 29.
Qxf6 Bxf6 30. Kf2 Bh4+ 31. g3 Bf6 32. Ke2 Ke7 33. Nxe5 g5 34. Ng6+ Ke8 35. e5 Bg7 36. e4 Kd7 37. e6+ Ke8 38. Rf5 Rd6 39. Rf7 Bh6 40. Rh7 Bxe6 41. Re7+ Kd8 42. Rxe6 1-0

[Event "Early-Titled-Tuesday-Blitz-July-09-2024"]
[Site "Chess.com"]
[Date "2024.07.09"]
[Round "4"]
[White "Balla_Tamas"]
[Black "osielchesslover2011"]
[Result "1-0"]
[WhiteElo "2470"]
[BlackElo "2190"]
[TimeControl "180+1"]
[EndTime "8:39:29 PDT"]
[Termination "Balla_Tamas won on time"]

1. e4 c5 2. c3 d5 3. exd5 Qxd5 4. d4 Nc6 5. Nf3 Bg4 6. Be2 O-O-O 7. c4 Qh5 8. d5 Ne5 9. Nbd2 Nf6 10. O-O Nxf3+ 11. Nxf3 e6 12. Qa4 Bd6 13. Rd1 Bxf3 14. Bxf3 Qxh2+ 15. Kf1 exd5 16. Be3 Kb8 17. cxd5 Rhe8 18.
b4 Bf4 19. bxc5 Bxe3 20. fxe3 Rxe3 21. c6 Re7 22. Rab1 Qd6 23. cxb7 1-0

[Event "Early-Titled-Tuesday-Blitz-July-09-2024"]
[Site "Chess.com"]
[Date "2024.07.09"]
[Round "4"]
[White "Jakhongir-Vakhidov"]
[Black "Galileo22"]
[Result "1-0"]
[WhiteElo "3016"]
[BlackElo "2616"]
[TimeControl "180+1"]
[EndTime "8:39:30 PDT"]
[Termination "Jakhongir-Vakhidov won by resignation"]

1. c4 e6 2. Nc3 c5 3. Nf3 Nc6 4. g3 Nf6 5. Bg2 d5 6. cxd5 exd5 7. d4 cxd4 8. Nxd4 Bc5 9. Nb3 Bb4 10. O-O Bxc3 11. bxc3 h6 12. Ba3 Ne7 13. c4 dxc4 14. Qxd8+ Kxd8 15. Na5 Nc6 16. Rfd1+ Kc7 17. Bd6+ Kb6 18.
Nxc6 bxc6 19. Rab1+ Ka6 20. Bxc6 Bf5 21. Rb4 Rac8 22.
Rxc4 Rhd8 23. Rc5 Ne4 24. Rxf5 Nxd6 25. Rc5 Kb6 26. Rdc1 Rc7 27. R5c2 Rdc8 28. Ba4 Rxc2 29. Rxc2 Rxc2 30. Bxc2 Kc5 31. f4 Kd4 32. Kf2 Kc3 33. Bb3 f6 34. Kf3 a5 35. e4 Nb5 36. e5 fxe5 37. fxe5 Nd4+ 38. Ke4 Nxb3 39. axb3 Kxb3 40.
e6 a4 41. e7 a3 42. e8=Q a2 43. Qe5 1-0

[Event "Early-Titled-Tuesday-Blitz-July-09-2024"]
[Site "Chess.com"]
[Date "2024.07.09"]
[Round "4"]
[White "Shuvalov"]
[Black "EternalNight8"]
[Result "1-0"]
[WhiteElo "2587"]
[BlackElo "2374"]
[TimeControl "180+1"]
[EndTime "8:39:30 PDT"]
[Termination "Shuvalov won on time"]

1. c4 e5 2. Nc3 Nf6 3. Nf3 Nc6 4. g3 Bb4 5. Nd5 Bc5 6. Bg2 e4 7. Nh4 d6 8. d3 Ng4 9. O-O g5 10. Bxg5 Qxg5 11. Nxc7+ Kf8 12. Nxa8 f5 13. Nc7 f4 14. Bxe4 fxg3 15. hxg3 Kg7 16. Nf3 Qh6 17. Qc1 Qf6 18. Nd5 Qd8 19. Kg2 Nce5 20. Nxe5 dxe5 21. e3 h5 22. Rh1 Rf8 23. f3 Nh6 24. Rxh5 Qe8 25. Qh1 Rh8 26. Rg5+ Kf8 27. Rh5 Kg7 28. Rf1 Bd7 29.
g4 Qf8 30. g5 Nf7 31. Rh7+ 1-0

[Event "Early-Titled-Tuesday-Blitz-July-09-2024"]
[Site "Chess.com"]
[Date "2024.07.09"]
[Round "4"]
[White "luggevoila"]
[Black "MaxLeto"]
[Result "0-1"]
[WhiteElo "2310"]
[BlackElo "2506"]
[TimeControl "180+1"]
[EndTime "8:39:30 PDT"]
[Termination "MaxLeto won by resignation"]

1. e4 c5 2. Nf3 d6 3. d4 cxd4 4.
Nxd4 Nf6 5. Nc3 a6 6. Bg5 Nbd7 7. Bc4 Qb6 8. Bb3 e6 9. O-O Be7 10. Kh1 Nc5 11. Qe2 Nxb3 12. Nxb3 Bd7 13. Be3 Qc7 14.
f4 Bc6 15. Bd4 e5 16. fxe5 dxe5 17. Bf2 O-O 18. Bh4 Nxe4 19. Nxe4 Bxh4 20. Nbd2 f5 21. Qh5 Qe7 22. Rxf5 Rxf5 23. Qxf5 Rf8 24. Qg4 Rf4 25.
Qe2 Qf7 26. Kg1 Bd8 27. h3 Bb6+ 28. Kh2 Qd5 29. Re1 Qxa2 30. Nc3 Qe6 31. Qxe5 Qxe5 32. Rxe5 Bc7 33. g3 Bxe5 0-1

[Event "Early-Titled-Tuesday-Blitz-July-09-2024"]
[Site "Chess.com"]
[Date "2024.07.09"]
[Round "4"]
[White "Chaubunagungamaug1"]
[Black "AlainBruxelles"]
[Result "1-0"]
[WhiteElo "2491"]
[BlackElo "2263"]
[TimeControl "180+1"]
[EndTime "8:39:30 PDT"]
[Termination "Chaubunagungamaug1 won by checkmate"]

1. d4 d5 2. c4 dxc4 3. e4 Nc6 4. Nf3 Bg4 5. d5 Ne5 6. Bf4 Bxf3 7. gxf3 Ng6 8. Be3 e5 9. Bxc4 Nf6 10. Bb5+ c6 11. dxc6 Qxd1+ 12. Kxd1 O-O-O+ 13. Ke2 Nh5 14. Nc3 Nhf4+ 15. Kf1 a6 16. cxb7+ Kxb7 17. Bc4 f6 18. b4 Rc8 19. Bd5+ Kb8 20. Na4 Nxd5 21. exd5 Rc2 22.
Kg2 Bd6 23. Nc5 Nh4+ 24. Kh3 Nxf3 25. Nxa6+ Ka8 26. Nc5 g5 27. Rhc1 Rxc1 28. Rxc1 h5 29. a3 g4+ 30. Kg2 h4 31. Ne4 h3+ 32. Kh1 Be7 33.
d6 Bd8 34. Rc8+ Kb7 35. d7 f5 36. Nd6+ Ka6 37. Ra8# 1-0

[Event "Early-Titled-Tuesday-Blitz-July-09-2024"]
[Site "Chess.com"]
[Date "2024.07.09"]
[Round "4"]
[White "Vision_64"]
[Black "EgorYakovlev"]
[Result "0-1"]
[WhiteElo "2295"]
[BlackElo "2504"]
[TimeControl "180+1"]
[EndTime "8:39:31 PDT"]
[Termination "EgorYakovlev won by resignation"]

1. e4 c5 2. Nc3 a6 3. f4 b5 4. Nf3 Bb7 5. d3 e6 6. g3 b4 7. Ne2 d5 8. e5 h5 9. Bg2 Nh6 10. O-O Nf5 11. c3 Nc6 12. a3 a5 13. axb4 axb4 14.
Rxa8 Qxa8 15. Bd2 Qa6 16. cxb4 Qxd3 17. bxc5 Bxc5+ 18. Kh1 h4 19. g4 Ng3+ 20. Nxg3 hxg3 21. h3 O-O 22. Bc3 Ba6 23. Qxd3 Bxd3 24. Ra1 Rb8 25. Ne1 Bc4 26. Bf3 Nd4 27. Kg2 Nxf3 28. Nxf3 Bf2 29. Nd4 Bd3 30. Nc6 Be4+ 31. Kf1 Rb7 32. Ra8+ Kh7 33. Bd4 Bxd4 34. Nxd4 Rxb2 35. Ne2 g2+ 36. Kf2 Rxe2+ 0-1

[Event "Early-Titled-Tuesday-Blitz-July-09-2024"]
[Site "Chess.com"]
[Date "2024.07.09"]
[Round "4"]
[White "DenLaz"]
[Black "pouya21"]
[Result "1-0"]
[WhiteElo "3147"]
[BlackElo "2872"]
[TimeControl "180+1"]
[EndTime "8:39:33 PDT"]
[Termination "DenLaz won by resignation"]

1. d4 Nf6 2. c4 e6 3. Nf3 c5 4. d5 d6 5. Nc3 exd5 6. cxd5 g6 7.
h3 Bg7 8. e4 O-O 9. Bd3 Re8 10.
O-O Nbd7 11. Re1 Ne5 12. Nxe5 Rxe5 13. f4 Re8 14. Qf3 Bd7 15. Bd2 Qb6 16. Qf2 Nh5 17.
g4 Bd4 18. Be3 Nf6 19. Bxd4 cxd4 20. Nd1 Rac8 21. Qd2 Bb5 22. Bxb5 Qxb5 23. Nf2 d3 24. a4 Qb3 25. Ra3 Qc4 26. Qxd3 Nxd5 27. Qd2 Nf6 28. Rae3 d5 29. e5 d4 30. Rd3 Qe6 31. Rxd4 Qe7 32. Rd1 1-0